 Dungeon Crawl Stone Soup version 0.30-a0-845-g7c6808c8ce (webtiles) character file.

Game seed: 11855370837395064890

4 jasper the Chopper (level 1, 0/17 HPs)
             Began as a Ghoul Gladiator on Mar 2, 2023.
             Constricted to death by a ball python (1 damage)
             ... on level 1 of the Dungeon.
             The game lasted 00:00:19 (112 turns).

jasper the Chopper (Ghoul Gladiator)                 Turns: 112, Time: 00:00:19

Health: 0/17       AC:  4    Str: 23    XL:     1   Next: 70%
Magic:  0/0        EV:  9    Int:  3    God:
Gold:   12         SH:  0    Dex: 10    Spells: 0/0 levels left

rFire   . . .      SeeInvis .    a - +0 war axe
rCold   + . .      Faith    .    (no shield)
rNeg    + + +      Spirit   .    b - +0 leather armour
rPois   ∞          Reflect  .    c - +0 helmet
rElec   .          Rampage  .    (no cloak)
rCorr   .                        (no gloves)
Will    .....                    (no boots)
Stlth   +                        (no amulet)
HPRegen 0.00/turn                f - +6 ring of strength
MPRegen 0.07/turn                (no ring)

@: inhibited regen, constricted
A: claws 1, cold resistance 1, negative energy resistance 3, inhibited
regeneration, torment resistance 2, devour on kill
a: no special abilities


You were on level 1 of the Dungeon.
You visited 1 branch of the dungeon, and saw 1 of its levels.

You collected 12 gold pieces.

Inventory:

Hand Weapons
 a - a +0 war axe (weapon)
Missiles
 d - 3 throwing nets (quivered)
 e - a javelin
Armour
 b - a +0 leather armour (worn)
 c - a +0 helmet (worn)
Jewellery
 f - a +6 ring of strength (left claw)
Scrolls
 g - a scroll of fog {unknown}


   Skills:
 + Level 2.3 Fighting
 * Level 2.8 Axes
 - Level 1.7 Throwing
 + Level 0.2 Armour
 + Level 2.7 Dodging


You couldn't memorise any spells.
You didn't know any spells.
Your spell library was empty.

Dungeon Overview and Level Annotations

Branches:
Dungeon (1/15)

Altars:


Innate Abilities, Weirdness & Mutations

You are immune to poison.
You have sharp fingernails.
Your flesh is cold resistant. (rC+)
You are immune to negative energy. (rN+++)
You do not regenerate when monsters are visible.
You are immune to unholy pain and torment.
You thrive by killing the living.


Message History

The ball python is moderately wounded.
You barely miss the hobgoblin. The hobgoblin closely misses you.
The ball python closely misses you. The ball python constricts you.
The hobgoblin hits you but does no damage.
You barely miss the ball python.
The ball python is moderately wounded.
You closely miss the hobgoblin. The ball python bites you.
The ball python constricts you. The hobgoblin hits you.
The ball python completely misses you. The ball python constricts you.
You take 4 damage, and have 6/17 hp.
MASSIVE DAMAGE!!
You barely miss the ball python.
The ball python is moderately wounded.
You hit the hobgoblin. The ball python barely misses you.
The ball python constricts you.
The hobgoblin hits you but does no damage.
The ball python bites you but does no damage.
The ball python constricts you.
You closely miss the ball python. You hit the hobgoblin but do no damage.
The hobgoblin barely misses you. The ball python bites you.
* * * LOW HITPOINT WARNING * * *
The ball python constricts you. The hobgoblin hits you.
* * * LOW HITPOINT WARNING * * *
You take 4 damage, and have 2/17 hp.
MASSIVE DAMAGE!!
You escape the ball python's grasp.
The hobgoblin attacks as you move away! The hobgoblin closely misses you.
The ball python attacks as you move away!
The ball python closely misses you. x2
You hit the ball python.
The ball python is severely wounded.
The ball python bites you but does no damage.
The ball python misses you.
You barely miss the ball python.
The ball python is severely wounded.
You hit the hobgoblin but do no damage.
The ball python bites you but does no damage.
The ball python grabs you. The ball python constricts you.
The hobgoblin completely misses you. The ball python bites you.
* * * LOW HITPOINT WARNING * * *
The ball python constricts you.
You die...

.. #.# ....#
.##.#########....# ##
................### #.
##..................
###.##..#...#.........?#
......................#
.........##......g...#
.........##.....@S...#
..##............##?......
..##............##.......
.........................
.........................
#.........<........##....
#........>.........##....
..................... ...
............†)........


You could see a hobgoblin and a ball python.

Vanquished Creatures
  An endoplasm (D:1)
  A hobgoblin (D:1)
  A ball python (D:1)
  A frilled lizard (D:1)
  A kobold (D:1)
5 creatures vanquished.

Notes
Turn   | Place    | Note
-------+----------+-------------------------------------------
     0 | D:1      | jasper the Ghoul Gladiator began the quest for the Orb.
     0 | D:1      | Reached XP level 1. HP: 17/17 MP: 0/0
   112 | D:1      | Constricted to death by a ball python

Illustrated notes

Levels and vault maps discovered:
D:1:      dpeg_arrival_stonehenge_8_columns, layout_rooms, minmay_door_square,
          minmay_heptomino_h4

Action                     || total
---------------------------++-------
  Melee: War axe           ||    17
 Armour: Leather armour    ||    10
  Dodge: Dodged            ||    18

Table legend: (Time is in decaauts)
 A = Elapsed time spent in this place.
 B = Non-inter-level travel time spent in this place.
 C = Inter-level travel time spent in this place.
 D = Time resting spent in this place.
 E = Time spent auto-exploring this place.
 F = Levels seen in this place.
 G = Mean time per level.
                   A        B        C        D        E       F      G
               +--------+--------+--------+--------+--------+-----+--------+
         Total |    117 |    117 |      0 |     27 |     35 |   1 |  117.0 |
       Dungeon |    117 |    117 |      0 |     27 |     35 |   1 |  117.0 |
               +--------+--------+--------+--------+--------+-----+--------+

Top non-repeatable levels by time:
     D:1: 117 daAuts
